 Dungeon Crawl Stone Soup version 0.32-a0-673-g3729bd50f8 (webtiles) character file.

Game seed: 13965612641128024712

11 BeKind the Caller (level 2, 0/19 HPs)
             Began as a Merfolk Summoner on Mar 11, 2024.
             Slain by a ball python (3 damage)
             ... on level 1 of the Dungeon.
             The game lasted 00:01:44 (371 turns).

BeKind the Caller (Merfolk Summoner)                 Turns: 371, Time: 00:01:44

Health: 0/19       AC:  3    Str:  8    XL:     2   Next: 29%
Magic:  1/5        EV:  3    Int: 14    God:
Gold:   40         SH:  0    Dex: 14    Spells: 4/5 levels left

rFire   . . .        (no weapon)
rCold   . . .        (no shield)
rNeg    . . .        a - +0 robe
rPois   .            (no helmet)
rElec   .            (no cloak)
rCorr   .            d - +0 pair of gloves
SInv    .            (no boots)
Will    .....        (no amulet)
Stlth   ++           (no ring)
HPRegen 0.23/turn    (no ring)
MPRegen 0.09/turn

%: no passive effects
@: constricted
A: (nimble swimmer 2), mertail
a: no special abilities


You were on level 1 of the Dungeon.
You visited 1 branch of the dungeon, and saw 1 of its levels.

You collected 40 gold pieces.

Inventory:

Armour
 a - a +0 robe (worn)
 d - a +0 pair of gloves (worn)
Potions
 b - a potion of magic
 c - a potion of haste {unknown}


   Skills:
 + Level 3.0 Dodging
 + Level 2.5 Stealth
 + Level 2.2 Spellcasting
 + Level 4.1 Summonings


You had 4 spell levels left.
You knew the following spells:

 Your Spells              Type           Power      Damage    Failure   Level
a - Summon Small Mammal   Summ           52%        N/A       4%          1

Your spell library contained the following spells:

 Spells                   Type           Power      Damage    Failure   Level
 Call Imp                 Summ           26%        N/A       6%          2
 Call Canine Familiar     Summ           13%        N/A       13%         3
 Summon Blazeheart Golem  Fire/Summ      7%         N/A       69%         4
 Summon Lightning Spire   Summ/Air       7%         N/A       69%         4


Dungeon Overview and Level Annotations

Branches:
Dungeon (1/15)

Altars:


Innate Abilities, Weirdness & Mutations

((You are very nimble when in or above water. (Stealth+, EV+, Speed+++)))
Your lower body shifts to a powerful aquatic tail in water.


Message History

The bat barely misses you.
Casting: Summon Small Mammal (safe; 4% risk of failure)
Confirm with . or Enter, or press ? or * to list all spells.
The bat closely misses you.
Your bat hits the hobgoblin but does no damage.
A ball python comes into view.
You swap places.
The bat hits your bat but does no damage.
Your bat misses the bat. Your bat hits the hobgoblin.
The endoplasm attacks as it pursues you!
The endoplasm closely misses you. The bat attacks as it pursues you!
The bat hits you but does no damage. The bat barely misses you.
Your bat barely misses the bat.
Your bat closely misses the frilled lizard.
The bat misses your bat.
Your bat hits the bat. The hobgoblin hits your bat.
The endoplasm hits your bat.
Your bat dies!
Your bat's corpse disappears in a puff of smoke!
The bat attacks as it pursues you! The bat hits you but does no damage.
The bat hits you.
* * * LOW HITPOINT WARNING * * *
Your bat barely misses the hobgoblin.
Your bat hits the hobgoblin but does no damage.
The bat barely misses you.
The ball python attacks as it pursues you!
The ball python barely misses you. The ball python grabs you.
The ball python constricts you.
* * * LOW HITPOINT WARNING * * *
The bat hits you but does no damage.
The ball python's grasp on you weakens, but your attempt to escape fails.
The bat hits you but does no damage.
The ball python bites you but does no damage.
The ball python constricts you.
* * * LOW HITPOINT WARNING * * *
The ball python's grasp on you weakens, but your attempt to escape fails.
The bat hits you but does no damage.
Your bat hits the hobgoblin but does no damage.
Something hits your bat but does no damage.
The ball python bites you.
You die...

! ###(l#....... ##.# #..
#.....g...... ...
....#...#####.#### ..#
#.. #.....####..... ...
#.. .######.bg..#..#
#.#.# #..
.........Jg.b..# #.#.#
#.. .#######.##.#gJ#
#.#.# #..
#.##.#lS#######.#.#####†
#.##.#.@................
#.##.#.b#####..........#
#..........##.#.#.......
###........)..#.#.......
#...###.#####.#...[...
###.# #...............
#.###.............).
#.....#####.##......
###.........##......


You could see an endoplasm, a hobgoblin (ally target), a bat, a ball python, a
frilled lizard and a friendly bat (summoned).

Vanquished Creatures
  A goblin (D:1)
  A hobgoblin (D:1)
  A kobold (D:1)
  2 rats (D:1)
5 creatures vanquished.

Vanquished Creatures (collateral kills)
  A dart slug (D:1)
  A bat (D:1)
  A goblin (D:1)
  A hobgoblin (D:1)
4 creatures vanquished.

Grand Total: 9 creatures vanquished

Notes
Turn   | Place    | Note
-------+----------+-------------------------------------------
     0 | D:1      | BeKind the Merfolk Summoner began the quest for the Orb.
     0 | D:1      | Reached XP level 1. HP: 13/13 MP: 3/3
   265 | D:1      | Reached XP level 2. HP: 15/19 MP: 1/5
   331 | D:1      | Found a faded altar of an unknown god.
   371 | D:1      | Slain by a ball python

Illustrated notes

Levels and vault maps discovered:
D:1:      roderic_chinese_lattice_arrival, layout_loops_ring,
          ebering_ecumenical_altar_abandoned

Skill      XL: |  1  2 |
---------------+-------+-----
Dodging        | 3 |  3.0
Stealth        | |  2.5
Spellcasting   | |  2.2
Summonings     | |  4.1

Action                     || total
---------------------------++-------
  Melee: Unarmed           ||    45
         Punch             ||     1
   Cast: Summon Small Mamm ||    16
 Armour: Robe              ||    37
  Dodge: Dodged            ||    45

Table legend: (Time is in decaauts)
 A = Elapsed time spent in this place.
 B = Non-inter-level travel time spent in this place.
 C = Inter-level travel time spent in this place.
 D = Time resting spent in this place.
 E = Time spent auto-exploring this place.
 F = Levels seen in this place.
 G = Mean time per level.
                   A        B        C        D        E       F      G
               +--------+--------+--------+--------+--------+-----+--------+
         Total |    371 |    369 |      2 |      0 |    244 |   1 |  371.0 |
       Dungeon |    371 |    369 |      2 |      0 |    244 |   1 |  371.0 |
               +--------+--------+--------+--------+--------+-----+--------+

Top non-repeatable levels by time:
     D:1: 371 daAuts
